 Dungeon Crawl Stone Soup version 0.29.0-5-ge4962eb29e (webtiles) character file.

Game seed: 4605772766972450256

22357 edwardauron the Fighter (level 12, -23/77 HPs)
             Began as a Gargoyle Berserker on Aug 29, 2022.
             Was a High Priest of Trog.
             Killed from afar by Azrael (31 damage)
             ... with damnation
             ... on level 13 of the Dungeon.
             The game lasted 00:20:27 (15680 turns).

edwardauron the Fighter (Gargoyle Berserker)       Turns: 15680, Time: 00:20:27

Health: -23/77     AC: 33    Str: 30    XL:     12   Next: 99%
Magic:  0/12       EV: 12    Int:  7    God:    Trog [*****.]
Gold:   886        SH:  5    Dex:  6    Spells: 11/11 levels left

rFire   + + .      SeeInvis .   K - +7 war axe of a wizard's laboratory {vorpal, rPois Stlth+}
rCold   + . .      Faith    .   n - +0 buckler
rNeg    + . .      Spirit   +   j - +3 ring mail {rF+} rPois āˆž Reflect .
                                (no helmet)
rElec   +          Harm     .   G - +1 cloak
rCorr   +          Rampage  .   B - +2 pair of gloves
Will    ++...      Rage     3%  i - +0 pair of boots
Stlth   ++........              h - amulet of guardian spirit
HPRegen 1.22/turn               L - +4 ring of protection
MPRegen 0.13/turn               F - +4 ring of protection

@: resistant, strong-willed, on berserk cooldown, regenerating, slowed, unable
to read, very slow
A: sickness immunity, AC +8, negative energy resistance 1, electricity
resistance, torment resistance 1, petrification resistance, iridescent scales 1,
berserk 1, clumsy 1, deformed body, strong 1, inability to read after injury 1
a: Renounce Religion, Berserk, Trog's Hand, Brothers in Arms


You were on level 13 of the Dungeon.
You worshipped Trog.
Trog was extremely pleased with you.
You visited 1 branch of the dungeon, and saw 13 of its levels.

You collected 886 gold pieces.

Inventory:

Hand Weapons
 D - a -1 demon whip of venom
 K - the +7 war axe of a wizard's laboratory (weapon) {vorpal, rPois Stlth+}
   (You found it on level 11 of the Dungeon)

   It inflicts extra damage upon your enemies.
   rPois:     It protects you from poison.
   Stlth:     It makes you more stealthy.
Missiles
 J - a throwing net (quivered)
Armour
 b - the +1 Delatra's gloves {ID++}
   (You found it on level 3 of the Dungeon)

   It heals its wearer when they drink unknown potions.
   It restores its wearer's MP when they read unknown scrolls.
 i - a +0 pair of boots (worn)
 j - a +3 ring mail of fire resistance (worn)
 n - a +0 buckler (worn)
 t - +0 acid dragon scales
 u - a +0 plate armour
 B - a +2 pair of gloves (worn)
 E - a +2 helmet
 G - a +1 cloak (worn)
Jewellery
 d - a ring of resist corrosion
 h - an amulet of guardian spirit (around neck)
 s - a ring of protection from fire
 v - a ring of protection from cold
 F - a +4 ring of protection (right hand)
 L - a +4 ring of protection (left hand)
Wands
 f - a wand of paralysis (4)
 g - a wand of roots (16)
 o - a wand of quicksilver (3)
 p - a wand of digging (12)
 A - a wand of polymorph (10)
Scrolls
 k - 2 scrolls of silence
 l - a scroll of poison
 m - 7 scrolls of teleportation
 w - 2 scrolls of summoning
 y - 3 scrolls of magic mapping
 z - 2 scrolls of identify
Potions
 a - 4 potions of flight
 e - 3 potions of might
 q - a potion of haste
 x - 6 potions of curing
Miscellaneous
 I - a phantom mirror


   Skills:
 + Level 10.1 Fighting
 + Level 9.6 Axes
 + Level 9.7 Armour
 + Level 7.5 Dodging
 - Level 1.0 Stealth
 + Level 8.7 Shields
 + Level 7.9 Evocations


You had 11 spell levels left.
You didn't know any spells.
Your spell library was empty.

Dungeon Overview and Level Annotations

Branches:
Dungeon (13/15)            Temple (0/1) D:5            Lair (0/5) D:9
    Orc (0/2) D:12
 Vaults: D:13-14

Altars:
Ashenzari
Dithmenos
Elyvilon
Fedhas
Gozag
Trog
Uskayaw
Vehumet

Shops:
D:3 !   D:9 (*   D:10 *   D:12 (

Annotations:
D:13 Azrael


Innate Abilities, Weirdness & Mutations

You are immune to sickness and miasma.
Your stone body is resilient. (AC +8)
You are immune to poison.
You resist negative energy. (rN+)
You are resistant to electric shocks. (rElec)
You are resistant to unholy torment.
You are immune to petrification.
You are partially covered in iridescent scales. (AC +2)
You sometimes lose your temper in combat.
You are clumsy. (Dex -2)
Armour fits poorly on your strangely shaped body.
Your muscles are strong. (Str +4, Int/Dex -1)
You occasionally lose the ability to read scrolls when taking damage.


Message History

Azrael is lightly wounded.
You barely miss the fire elemental. x2; You hit the fire elemental.
You block the fire elemental's attack. The fire elemental hits you.
The fire elemental burns you! You resist.
* * * LOW HITPOINT WARNING * * *
Azrael gestures at you. The sticky flame hits you. You resist.
You are covered in liquid flames!
* * * LOW HITPOINT WARNING * * *
The fire elemental closely misses you. The fire elemental hits you.
The fire elemental burns you! You resist.
* * * LOW HITPOINT WARNING * * *
The hell hound breathes flames at you.
The blast of flame hits the fire elemental.
The fire elemental completely resists.
The blast of flame hits you but does no damage.
The fire elemental hits you.
Azrael's eyes look fiery.
Azrael gestures at you.
The fireball explodes!
The fireball engulfs you. You resist.
* * * LOW HITPOINT WARNING * * *
The fireball engulfs the fire elemental.
The fire elemental completely resists.
The fireball engulfs Azrael.
Azrael completely resists.
The fireball engulfs the fire elemental.
The fire elemental completely resists.
The fireball engulfs the fire elemental.
The fire elemental completely resists.
The fire elemental completely misses you.
The fire elemental hits you.
Blink to where?
Press: ? - help, Dir - move target
As you read the scroll of blinking, it crumbles to dust.
You are covered in liquid flames!
* * * LOW HITPOINT WARNING * * *
You are no longer on fire.
Azrael gestures at you.
The sphere of damnation explodes!
The damnation engulfs you!!
You feel threatened and lose the ability to read scrolls!
You die...

## ##. #.# #@#
#.# ..# ##.##
#...## ##....#
##<....##
##REE....#
#.Eā˜¼ā—‹....#


You could see Azrael and 2 fire elementals.

Vanquished Creatures
  2 boulder beetles (D:12)
  A hydra (D:11)
  A centaur warrior (D:13)
  A catoblepas (D:10)
  3 two-headed ogres
  Amaemon (D:8)
  An ugly thing (D:9)
  A manticore (D:13)
  Joseph (D:8)
  3 gargoyles
  An orange demon (D:8)
  An unseen horror (D:12)
  2 kobold demonologists
  A komodo dragon (D:8)
  Maggie (D:7)
  2 trolls
  3 meliai (D:13)
  Grinder (D:3)
  Sigmund (D:3)
  2 shadows
  A vampire (D:10)
  24 yaks
  2 wraiths (D:11)
  A wyvern (D:10)
  A fire elemental (D:13)
  A basilisk (D:12)
  3 steam dragons
  A harpy simulacrum (D:12)
  3 vampire mosquitoes
  A hell hound (D:13)
  2 acid dragons (D:10)
  2 water moccasins
  2 floating eyes (D:10)
  2 black bears
  An ice beast (D:6)
  3 ogres
  6 orc warriors
  The ghost of miserystealer the Cudgeller, an amateur PaBe of Trog (D:3)
  8 centaurs
  A phantom (D:5)
  5 kobold brigands
  6 bullfrogs
  A gnoll sergeant (D:11)
  4 scorpions
  4 necrophages
  15 killer bees
  8 howler monkeys
  An electric eel (D:8)
  A crimson imp (D:9)
  3 hounds
  A jelly (D:5)
  A gnoll bouda (D:10)
  11 orc priests
  Jessica (D:2)
  Terence (D:3)
  An iguana (D:6)
  Natasha (thrice) (D:2)
  8 orc wizards
  21 gnolls
  9 adders
  A white imp (D:7)
  3 ufetubi
  5 dart slugs
  57 orcs
  4 ball pythons
  9 endoplasms
  5 giant cockroaches
  4 goblins
  10 hobgoblins
  26 kobolds
  3 quokkas
  3 bats
  4 frilled lizards
  11 rats
346 creatures vanquished.

Vanquished Creatures (others)
  A wizard (D:9)
  A butterfly (D:8)
  2 plants (D:8)
4 creatures vanquished.

Grand Total: 350 creatures vanquished

Notes
Turn   | Place    | Note
-------+----------+-------------------------------------------
     0 | D:1      | edwardauron the Gargoyle Berserker began the quest for the
                  | Orb.
     0 | D:1      | Reached XP level 1. HP: 14/14 MP: 1/1
   497 | D:1      | Reached XP level 2. HP: 9/19 MP: 2/2
   866 | D:1      | Found a faded altar of an unknown god.
  1546 | D:2      | Reached XP level 3. HP: 14/23 MP: 3/3
  1894 | D:2      | Noticed Natasha
  1898 | D:2      | Gained mutation: Your magical capacity is low. (-10% MP)
                  | [potion of mutation]
  1898 | D:2      | Gained mutation: Your flesh is cold resistant. (rC+)
                  | [potion of mutation]
  1898 | D:2      | Gained mutation: You have a pair of small horns on your
                  | head. [potion of mutation]
  1898 | D:2      | Gained mutation: Your spells are a little harder to cast,
                  | but a little more powerful. [potion of mutation]
  1901 | D:2      | Reached ** piety under Trog
  1906 | D:2      | Killed Natasha
  1907 | D:2      | Reached XP level 4. HP: 14/28 MP: 3/3
  1908 | D:2      | Reached skill level 1 in Stealth
  2066 | D:2      | Noticed Natasha
  2071 | D:2      | Killed Natasha
  2267 | D:2      | Noticed Natasha
  2275 | D:2      | Killed Natasha
  2276 | D:2      | Reached XP level 5. HP: 20/32 MP: 4/4
  2292 | D:2      | Reached skill level 5 in Axes
  2602 | D:2      | Noticed Jessica
  2609 | D:2      | Killed Jessica
  2700 | D:3      | Found a transporter.
  2700 | D:3      | Noticed miserystealer's ghost (amateur PaBe)
  2702 | D:3      | Found a blossoming altar of Fedhas.
  2704 | D:3      | Found the +1 Delatra's gloves {ID++}
  2715 | D:3      | Found a transporter.
  2904 | D:3      | Reached skill level 1 in Evocations
  2904 | D:3      | Reached XP level 6. HP: 37/37 MP: 5/5
  2907 | D:3      | Killed miserystealer's ghost
  2978 | D:3      | Found a broken altar of Ashenzari.
  2980 | D:3      | Found a hide-covered altar of Uskayaw.
  2980 | D:3      | Found a radiant altar of Vehumet.
  3035 | D:3      | Found Ahien's Distillery.
  3085 | D:3      | Noticed Grinder
  3086 | D:3      | Noticed Terence
  3094 | D:3      | Killed Grinder
  3095 | D:3      | Reached skill level 4 in Fighting
  3095 | D:3      | Reached XP level 7. HP: 43/43 MP: 6/6
  3100 | D:3      | Killed Terence
  3228 | D:3      | Noticed Sigmund
  3234 | D:3      | Killed Sigmund
  3620 | D:4      | Reached XP level 8. HP: 43/48 MP: 7/7
  3970 | D:4      | Reached skill level 5 in Fighting
  3970 | D:4      | Reached skill level 1 in Shields
  4221 | D:4      | Reached *** piety under Trog
  4569 | D:5      | Entered Level 5 of the Dungeon
  4640 | D:5      | Found a staircase to the Ecumenical Temple.
  4728 | D:5      | Lost mutation: Your flesh is cold resistant. (rC+) [potion
                  | of mutation]
  4728 | D:5      | Lost mutation: You have a pair of small horns on your head.
                  | [potion of mutation]
  4728 | D:5      | Lost mutation: Your spells are a little harder to cast, but
                  | a little more powerful. [potion of mutation]
  4728 | D:5      | Gained mutation: Your body sometimes deteriorates upon
                  | taking damage. [potion of mutation]
  4728 | D:5      | Gained mutation: You have hidden genetic potential. [potion
                  | of mutation]
  5929 | D:5      | Reached skill level 5 in Armour
  6026 | D:5      | Identified the +1 whip of Saffaj {venom, rN+}
  6902 | D:6      | Reached XP level 9. HP: 55/55 MP: 8/8
  7235 | D:6      | Reached skill level 6 in Fighting
  7264 | D:6      | Gained mutation: You possess an exceptional clarity of
                  | mind. [hidden potential]
  8639 | D:7      | Noticed Maggie
  8662 | D:7      | Killed Maggie
  8942 | D:7      | Reached XP level 10. HP: 58/61 MP: 9/9
  9401 | D:8      | Noticed an orange demon
  9402 | D:8      | Noticed Amaemon
  9404 | D:8      | Noticed Joseph
  9417 | D:8      | Killed Amaemon
  9418 | D:8      | Reached skill level 7 in Fighting
  9418 | D:8      | Reached skill level 5 in Dodging
  9418 | D:8      | Reached skill level 5 in Evocations
  9425 | D:8      | Reached skill level 5 in Shields
  9425 | D:8      | Killed an orange demon
  9425 | D:8      | Reached **** piety under Trog
  9429 | D:8      | Gained mutation: You passively map a small area around you.
                  | [hidden potential]
  9429 | D:8      | Lost mutation: You have hidden genetic potential. [hidden
                  | potential expressed]
  9435 | D:8      | Killed Joseph
  9757 | D:8      | Noticed a two-headed ogre
  9769 | D:8      | Killed a two-headed ogre
 10233 | D:8      | Found a white marble altar of Elyvilon.
 10282 | D:8      | Noticed a moth of wrath
 10290 | D:8      | Lost mutation: Your magical capacity is low. (-10% MP)
                  | [potion of mutation]
 10290 | D:8      | Lost mutation: Your body sometimes deteriorates upon taking
                  | damage. [potion of mutation]
 10290 | D:8      | Gained mutation: You have hidden genetic potential. [potion
                  | of mutation]
 10290 | D:8      | Gained mutation: You have sharp toenails. [potion of
                  | mutation]
 10290 | D:8      | Gained mutation: You occasionally lose the ability to read
                  | scrolls when taking damage. [potion of mutation]
 10306 | D:8      | Found a bloodstained altar of Trog.
 10576 | D:9      | Found Afoiff's Weapon Boutique.
 10611 | D:9      | Reached XP level 11. HP: 67/68 MP: 11/11
 10674 | D:9      | Noticed a brown ugly thing
 10685 | D:9      | Killed a brown ugly thing
 10686 | D:9      | Reached skill level 8 in Fighting
 10739 | D:9      | Found Qemon's Fire Supplies.
 10863 | D:9      | Found a staircase to the Lair.
 11348 | D:9      | Noticed a wizard
 11383 | D:9      | Killed a wizard
 11472 | D:10     | Entered Level 10 of the Dungeon
 11493 | D:10     | Gained mutation: You have a beak for a mouth. [hidden
                  | potential]
 11535 | D:10     | Identified the +11 trident of the Scorpion {vorpal, rC+
                  | Will+}
 11541 | D:10     | Reached ***** piety under Trog
 11567 | D:10     | Paralysed by a floating eye for 3 turns
 11571 | D:10     | Paralysed by a floating eye for 4 turns
 11671 | D:10     | Paralysed by a floating eye for 2 turns
 11928 | D:10     | Noticed a catoblepas
 11948 | D:10     | Killed a catoblepas
 12090 | D:10     | Noticed a two-headed ogre
 12102 | D:10     | Killed a two-headed ogre
 12103 | D:10     | Reached skill level 9 in Fighting
 12103 | D:10     | Reached XP level 12. HP: 14/76 MP: 1/12
 12562 | D:10     | Found Gozag's Platinum Reserve.
 12947 | D:10     | Found an opulent altar of Gozag.
 13075 | D:11     | Noticed a two-headed ogre
 13084 | D:11     | Killed a two-headed ogre
 13188 | D:11     | Identified the +7 war axe of a wizard's laboratory {vorpal,
                  | rPois Stlth+}
 13344 | D:11     | Noticed a seven-headed hydra
 13352 | D:11     | Killed a nine-headed hydra
 13364 | D:11     | Gained mutation: Your flesh is heat resistant. (rF+)
                  | [hidden potential]
 13364 | D:11     | Lost mutation: You have hidden genetic potential. [hidden
                  | potential expressed]
 13982 | D:12     | Noticed a boulder beetle
 14007 | D:12     | Killed a boulder beetle
 14093 | D:12     | Found Duruesk's Antique Weapon Shop.
 14314 | D:12     | Identified the +13 lajatang of Trog's Benevolence {vorpal,
                  | rPois Dex+4} (Trog gifted it to you on level 12 of the
                  | Dungeon)
 14314 | D:12     | Received a gift from Trog
 14352 | D:12     | Lost mutation: You possess an exceptional clarity of mind.
                  | [potion of mutation]
 14352 | D:12     | Lost mutation: You have a beak for a mouth. [potion of
                  | mutation]
 14352 | D:12     | Lost mutation: You passively map a small area around you.
                  | [potion of mutation]
 14352 | D:12     | Gained mutation: Armour fits poorly on your strangely
                  | shaped body. [potion of mutation]
 14352 | D:12     | Gained mutation: You are dopey. (Int -2) [potion of
                  | mutation]
 14451 | D:9      | Lost mutation: You are dopey. (Int -2) [potion of mutation]
 14451 | D:9      | Lost mutation: Your flesh is heat resistant. (rF+) [potion
                  | of mutation]
 14451 | D:9      | Gained mutation: Your muscles are strong. (Str +4, Int/Dex
                  | -1) [potion of mutation]
 14451 | D:9      | Gained mutation: You are agile. (Dex +4, Str/Int -1)
                  | [potion of mutation]
 14451 | D:9      | Gained mutation: You sometimes lose your temper in combat.
                  | [potion of mutation]
 14451 | D:9      | Gained mutation: Your natural rate of healing is unusually
                  | fast. [potion of mutation]
 14571 | D:2      | Lost mutation: You are agile. (Dex +4, Str/Int -1) [potion
                  | of mutation]
 14571 | D:2      | Lost mutation: Your natural rate of healing is unusually
                  | fast. [potion of mutation]
 14571 | D:2      | Lost mutation: You have sharp toenails. [potion of
                  | mutation]
 14571 | D:2      | Gained mutation: You are clumsy. (Dex -2) [potion of
                  | mutation]
 14571 | D:2      | Gained mutation: You are partially covered in iridescent
                  | scales. (AC +2) [potion of mutation]
 15045 | D:12     | Found a staircase to the Orcish Mines.
 15143 | D:12     | Found a shadowy altar of Dithmenos.
 15195 | D:12     | Noticed a boulder beetle
 15208 | D:12     | Killed a boulder beetle
 15646 | D:13     | Noticed a centaur warrior
 15661 | D:13     | Noticed Azrael
 15663 | D:13     | Reached skill level 10 in Fighting
 15663 | D:13     | Killed a centaur warrior
 15680 | D:13     | Killed from afar by Azrael

Illustrated notes

Levels and vault maps discovered:
D:1:      dpeg_arrival_simpleton_a, layout_loops_ring,
          hellmonk_ecumenical_altar_crossroads
D:2:      minmay_general_purpose_star, layout_basic, uniq_jessica, uniq_natasha
D:3:      layout_basic, mainiacjoe_overflow_tiny_flanked,
          gammafunk_temple_overflow_forgotten, serial_shops, shop,
          gammafunk_ghost_arena, uniq_sigmund, uniq_terence, uniq_grinder
D:4:      layout_loops_corners
D:5:      layout_gridville, temple_statues, kennysheep_windowed_goal
D:6:      kennysheep_spiral_hall, layout_rooms, serial_park_tiny_pond
D:7:      layout_gridville, uniq_maggie
D:8:      layout_rooms, nicolae_elyvilon_peaceful_grove, tgw_trog,
          serial_bayou_ford_a, uniq_amaemon, uniq_joseph
D:9:      layout_rooms, lair_entry_dummy, serial_shops, shop,
          hangedman_abyss_or_decor_stabs, minmay_statues_item, minmay_holes,
          nicolae_shop_fire_sale [nicolae_sub_dead_trees], dk_noncrumbling_3,
          lightli_wizard_tower
D:10:     layout_rooms, nicolae_gozag_zags_fifth_avenue,
          kb_lookout_dungeons_type, onia_ninara_cookie
D:11:     layout_cross, lemuel_flamethrower_2
D:12:     layout_stronghold, hiddenorc2_lemuel, serial_shops,
          nicolae_shop_hallway_plus, grunt_dithmenos_shadows
D:13:     layout_cave_pods, david_vaults_4, serial_shops, nicolae_square_shop,
          shop_statue, shop, okawaru_ov_weapons_minmay, uniq_azrael

Skill      XL: |  1  2  3  4  5  6  7  8  9 10 11 12 |
---------------+-------------------------------------+-----
Axes           | 3 4 5 6 7 8 9 |  9.6
Stealth        | 1 |  1.0
Evocations     | 1 2 3 4 5 6 7 |  7.9
Dodging        | 2 3 4 5 6 7 |  7.5
Fighting       | 4 5 6 7 9 10 | 10.1
Armour         | 3 4 5 6 7 8 9 |  9.7
Shields        | 2 4 5 7 8 |  8.7

Action                   |  1- 3 |  4- 6 |  7- 9 | 10-12 || total
-------------------------+-------+-------+-------+-------++-------
Melee: Hand axe          |   106 |    97 |   396 |       ||   599
       Headbutt          |     1 |    14 |    30 |       ||    45
       Punch             |       |     1 |     1 |       ||     2
       War axe           |       |       |   110 |   689 ||   799
       Peck              |       |       |       |    85 ||    85
Invok: Berserk           |       |     2 |     4 |     9 ||    15
       Trog's Hand       |       |     2 |     1 |     5 ||     8
Evoke: Wand              |       |       |       |     9 ||     9
  Use: Potion            |     2 |       |     1 |    16 ||    19
       Scroll            |       |     6 |    10 |     7 ||    23
 Stab: Sleeping          |       |       |       |     1 ||     1
Armor: Animal skin       |    13 |       |       |       ||    13
       Ring mail         |    27 |    48 |   314 |   651 ||  1040
       Plate armour      |       |       |     8 |       ||     8
Dodge: Dodged            |    51 |    53 |   321 |   585 ||  1010
Block: Buckler           |       |       |    90 |   234 ||   324
